Map: Cosmic Sapphire

Players

A.I. 1 (Very Easy)

  • Race: Terran Terran
  • Spawn Location: 11:00

ByuNoGenic - Winner!

  • Race: Protoss Protoss
  • Spawn Location: 5:00

VOD

https://youtube.com/watch?v=sShf_tAQIKM&si=EnSIkaIECMiOmarE&t=861

Description

Time

  • Played on: Jan. 11, 2023, 2:01 p.m.
  • Length: 5:31
Show
View Real Time Build Order
Export as new Build Order

A.I. 1 (Very Easy) Terran 

Build Orders:  

Get SALT Encoding   

  12  0:00  SCV  
  13  0:13  SCV  
  14  0:18  Supply Depot  
  14  0:37  Refinery  
  14  0:42  Barracks  
  14  1:04  Supply Depot  
  14  1:13  Refinery  
  14  1:29  Marine  
  14  1:31  Orbital Command  
  15  1:57  SCV  
  16  2:09  SCV  
  17  2:18  Barracks Tech Lab  
  17  2:21  SCV  
  18  2:33  SCV  
  18  2:36  Marine  
  20  2:45  SCV  
  21  2:57  SCV  
  22  3:25  Marauder  
  24  5:03  Marine  
  24  5:05  Supply Depot  
  24  5:11  SCV  
Show
View Real Time Build Order
Export as new Build Order

ByuNoGenic Protoss - Winner!

Build Orders: 1 Gate Expand 

Get SALT Encoding   

  12  0:00  Probe  
  13  0:12  Probe  
  14  0:17  Pylon  
  14  0:24  Probe (Chrono Boost)  
  16  0:36  Gateway, Probe (Chrono Boost)  
  16  0:43  Probe (Chrono Boost)  
  16  0:46  Assimilator  
  17  0:50  Probe  
  18  1:03  Probe  
  19  1:15  Probe  
  20  1:23  Cybernetics Core  
  20  1:34  Nexus  
  20  1:38  Probe  
  21  1:44  Pylon  
  21  1:50  Probe  
  22  1:55  Assimilator  
  22  1:59  Warp Gate  
  22  2:02  Probe  
  22  2:03  Adept (Chrono Boost)  
  25  2:14  Probe  
  26  2:26  Probe  
  26  2:28  Twilight Council  
  27  2:38  Probe  
  28  2:45  Robotics Facility  
  28  2:49  Probe  
  28  2:50  Probe  
  32  3:01  Probe, Charge (Chrono Boost)  
  32  3:03  Probe  
  32  3:13  Probe, Stalker  
  32  3:15  Probe  
  36  3:23  Gateway  
  36  3:25  Probe  
  37  3:27  Gateway  
  38  3:34  Observer (Chrono Boost)  
  38  3:42  Gateway x2  
  38  3:48  Warp Prism (Chrono Boost)  
  40  4:16  Gateway  
  40  4:17  Stalker  
  42  4:18  Stalker  
  42  4:23  Zealot  
  46  4:32  Nexus  
  46  4:36  Pylon  
  46  4:39  Pylon  
  46  4:48  Pylon  
  46  4:56  Zealot x5  
  56  5:03  Probe x2  
  58  5:12  Zealot  
  60  5:15  Probe  
  60  5:16  Probe, Zealot x2  
  60  5:17  Zealot  
  60  5:21  Zealot  
Tags
 
Add a new tag
Caveats
  • Supply blocks, unpowered buildings, or Contaminate may cause inaccurate times.
  • Supply counts are checked every 10 seconds.